 Dungeon Sprint DCSS version 0.32-a0-685-g93135e86f0 (webtiles) character file.

Game seed: 3536572884604890250

46 Prakerore the Shooter (level 3, -6/27 HPs)
             Began as a Coglin Hunter on Mar 13, 2024.
             Mangled by Crazy Yiuf
             ... wielding a +4 quarterstaff of chaos
              (12 damage)
             ... in the Dungeon (Sprint III: "The Ten Rune Challenge").
             The game lasted 00:00:39 (74 turns).

Prakerore the Shooter (Coglin Hunter)                 Turns: 74, Time: 00:00:40

Health: -6/27      AC:  3    Str: 11    XL:     3   Next: 68%
Magic:  3/3        EV: 12    Int:  8    God:
Gold:   0          SH:  0    Dex: 19    Spells: 2/2 levels left

rFire   . . .        a - +2 sling {Raúl}
rCold   . . .        d - +0 sling {Surjit}
rNeg    . . .        c - +0 leather armour
rPois   .            (no helmet)
rElec   .            (no cloak)
rCorr   .            (no gloves)
SInv    .            (no boots)
Will    .....        (amulet unavailable)
Stlth   ++           (ring unavailable)
HPRegen 0.24/turn    (ring unavailable)
MPRegen 0.08/turn    (no gizmo)

%: no teleportation
@: on berserk cooldown, slowed, revved, very slow
A: off-hand wielding, slow wielding, warmup strikes, no jewellery
a: Invent Gizmo


You were in the Dungeon.
You visited 1 branch

Inventory:

Hand Weapons
 a - a +2 sling (weapon) {Raúl}
 d - a +0 sling (offhand) {Surjit}
 e - a +3 dagger of venom
Armour
 c - a +0 leather armour (worn)
Scrolls
 b - a scroll of butterflies
 k - a scroll of poison {unknown}
Potions
 g - a potion of haste
 h - 2 potions of magic
 i - a potion of berserk rage


   Skills:
 - Level 2.0 Fighting
 + Level 7.3 Ranged Weapons
 - Level 1.7 Dodging
 - Level 0.7 Stealth


You had 2 spell levels left.
You didn't know any spells.
Your spell library was empty.

Dungeon Overview and Level Annotations

Branches:
Dungeon (1/1)

Altars:

Annotations:
D Crazy Yiuf


Innate Abilities, Weirdness & Mutations

You can wield a second weapon in your off-hand.
It takes a long time for you to wield or remove held weapons.
Your first few attacks do less damage.
You cannot equip rings or amulets.


Message History

You are no longer berserk.
You are exhausted.
You feel yourself slow down.
Blink to where?
Press: ? - help, Dir - move target, p - Crazy Yiuf
As you read the scroll of blinking, it crumbles to dust.
Fire: a) +2 sling {Raúl}
Press: ? - help, Q - select action Shift-Dir - straight line, f - you
Okay, then.
Fire: a) +2 sling {Raúl}
Press: ? - help, Q - select action Shift-Dir - straight line, f - Crazy Yiuf
Aim: Crazy Yiuf, wielding a +4 quarterstaff of chaos and wearing a +0 cloak (69% to hit)
You shoot a sling bullet.
The sling bullet barely misses Crazy Yiuf.
You shoot a sling bullet.
The sling bullet barely misses Crazy Yiuf.
Fire: a) +2 sling {Raúl}
Press: ? - help, Q - select action Shift-Dir - straight line, f/p - Crazy Yiuf
Aim: Crazy Yiuf, wielding a +4 quarterstaff of chaos and wearing a +0 cloak (69% to hit)
You shoot a sling bullet. The sling bullet hits Crazy Yiuf.
Crazy Yiuf is moderately wounded.
You shoot a sling bullet. The sling bullet hits Crazy Yiuf.
Crazy Yiuf is heavily wounded.
Fire: a) +2 sling {Raúl}
Press: ? - help, Q - select action Shift-Dir - straight line, f/p - Crazy Yiuf
Aim: Crazy Yiuf, wielding a +4 quarterstaff of chaos and wearing a +0 cloak (heavily wounded, 69% to hit)
You shoot a sling bullet.
The sling bullet hits Crazy Yiuf but does no damage.
Crazy Yiuf is heavily wounded.
You shoot a sling bullet.
The sling bullet hits Crazy Yiuf but does no damage.
Crazy Yiuf is heavily wounded.
You shoot a sling bullet. The sling bullet hits Crazy Yiuf.
Crazy Yiuf is severely wounded.
You shoot a sling bullet.
The sling bullet hits Crazy Yiuf but does no damage.
Crazy Yiuf is severely wounded.
Crazy Yiuf misses you.
Crazy Yiuf hits you with a +4 quarterstaff of chaos!
You die...

▓▓▓▓▓▓▓▓▓
▓<..#...####
▓...#.....@## .#
▓..##.....g.# .#
▓##.##.##...# ..#
##.##.###..# ..#
▓#.####.##[.# ...+
▓.###..##..## #...#
▓#.....##..###....#
###..##...##.....#
##†.##....#.g....#


You could see Crazy Yiuf.

Vanquished Creatures
  Jessica (D)
  A human (D)
  An endoplasm (D)
  2 rats (D)
5 creatures vanquished.

Notes
Turn   | Place    | Note
-------+----------+-------------------------------------------
     0 | D        | Prakerore the Coglin Hunter began the quest for the Orb.
     0 | D        | Reached XP level 1. HP: 16/16 MP: 1/1
     9 | D        | Reached skill level 4 in Ranged Weapons
    31 | D        | Noticed Jessica
    41 | D        | Killed Jessica
    42 | D        | Reached skill level 6 in Ranged Weapons
    42 | D        | Reached XP level 2. HP: 22/22 MP: 2/2
    42 | D        | Reached XP level 3. HP: 27/27 MP: 3/3
    61 | D        | Reached skill level 7 in Ranged Weapons
    61 | D        | Noticed Crazy Yiuf
    74 | D        | Mangled by Crazy Yiuf

Illustrated notes

Levels and vault maps discovered:
D:        dungeon_sprint_mu [sprint_mu_entry_cave, sprint_mu_temple_rooms,
          sprint_mu_d1_horrors, sprint_mu_d2_genie, sprint_mu_d3_branching,
          sprint_mu_orc_legion, sprint_mu_elf_gauntlet, sprint_mu_hive_nellie,
          sprint_mu_lair_fedhas, sprint_mu_vaults_butterflies,
          sprint_mu_slime_circle, sprint_mu_swamp_cave, sprint_mu_snake_twists,
          sprint_mu_blade_basic, sprint_mu_crypt_lich, sprint_mu_tomb_spiral,
          sprint_mu_vestibule_basic, sprint_mu_gehenna_hellfire,
          sprint_mu_dis_giant, sprint_mu_tartarus_statrot,
          sprint_mu_cocytus_islands, sprint_mu_zot1]

Skill      XL: |  1  2  3 |
---------------+----------+-----
Ranged Weapons | 6 7 |  7.3
Fighting       | |  2.0
Dodging        | |  1.7
Stealth        | |  0.7

Action                     || total
---------------------------++-------
   Fire: Sling             ||    50
    Use: Potion            ||     2
         Scroll            ||     1
 Armour: Leather armour    ||     7
  Dodge: Dodged            ||     4

Table legend: (Time is in decaauts)
 A = Elapsed time spent in this place.
 B = Non-inter-level travel time spent in this place.
 C = Inter-level travel time spent in this place.
 D = Time resting spent in this place.
 E = Time spent auto-exploring this place.
 F = Levels seen in this place.
 G = Mean time per level.
                   A        B        C        D        E       F      G
               +--------+--------+--------+--------+--------+-----+--------+
         Total |     78 |     78 |      0 |      0 |     23 |   1 |   78.0 |
       Dungeon |     78 |     78 |      0 |      0 |     23 |   1 |   78.0 |
               +--------+--------+--------+--------+--------+-----+--------+

Top non-repeatable levels by time:
       D: 78 daAuts
